 Dungeon Crawl Stone Soup version 0.26.1-11-gd32895ea62 (webtiles) character file.

Game seed: 4917535185406230248

84938 buriedalive the Fighter (level 15, -2/101 HPs)
             Began as a Deep Elf Ice Elementalist on July 19, 2021.
             Was the Champion of Okawaru.
             Slain by a catoblepas (8 damage)
             ... while petrified by a catoblepas
             ... on level 15 of the Dungeon.
             The game lasted 01:28:34 (30080 turns).

buriedalive the Fighter (DEIE)                     Turns: 30080, Time: 01:28:35

Health: -2/101     AC: 21    Str:  8    XL:     15   Next: 36%
Magic:  27/27      EV:  2    Int: 28    God:    Okawaru [******]
Gold:   1671       SH:  0    Dex: 13    Spells: 11/28 levels left

rFire    + . .     SeeInvis +   b - +2 whip (elec)
rCold    . . .     Faith    .   (no shield)
rNeg     + + +     Spirit   .   G - +2 robe {rF+}
rPois    ∞         Reflect  .   S - +2 helmet
rElec    .         Harm     .   t - +2 cloak
rCorr    .         Rampage  .   h - +2 pair of gloves
Will     +....     Clarity  +   k - +2 pair of boots {Fly}
Stlth    ++........             V - amulet of magic regeneration
HPRegen  0.66/turn              r - ring of see invisible
MPRegen  0.45/turn              Z - +4 ring of protection

@: petrified
A: clarity, clever 1, clumsy 1, regeneration 1, strong 1
a: Renounce Religion, Evoke Flight, Heroism, Finesse


You were on level 15 of the Dungeon.
You worshipped Okawaru.
Okawaru was exalted by your worship.
You visited 2 branches of the dungeon, and saw 21 of its levels.
You also visited: Bailey.

You collected 1671 gold pieces.

Inventory:

Hand Weapons
 b - a +2 whip of electrocution (weapon)
 M - a +4 dagger of protection
Missiles
 c - 8 curare-tipped darts
 d - 682 stones
 i - 2 silver boomerangs
 j - 99 poisoned darts
 U - 10 atropa-tipped darts
Armour
 h - a +2 pair of gloves (worn)
 k - a +2 pair of boots of flying (worn)
 t - a +2 cloak (worn)
 G - a +2 robe of fire resistance (worn)
 S - a +2 helmet (worn)
Magical Staves
 a - an uncursed staff of cold
Jewellery
 g - an uncursed ring of resist corrosion
 l - an uncursed ring of protection from fire
 r - a ring of see invisible (left hand)
 y - an uncursed ring of protection from fire
 A - an uncursed amulet of the acrobat
 F - an uncursed ring of resist corrosion
 J - an uncursed ring of protection from cold
 O - a +4 ring of evasion
 R - an uncursed ring of wizardry
 V - an amulet of magic regeneration (around neck)
 Z - a +4 ring of protection (right hand)
Wands
 s - a wand of disintegration (36)
 x - a wand of enslavement (47)
 C - a wand of flame (64)
 E - a wand of paralysis (45)
 L - a wand of acid (36)
 X - a wand of digging (5)
 Y - a wand of iceblast (33)
Scrolls
 e - 2 scrolls of magic mapping
 f - 12 scrolls of remove curse
 m - 2 scrolls of blinking
 n - 6 scrolls of teleportation
 o - 8 scrolls of enchant armour
 q - 5 scrolls of fog
 D - 4 scrolls of identify
 N - 6 scrolls of fear
Potions
 p - 9 potions of curing
 u - 7 potions of cancellation
 v - 7 potions of ambrosia
 w - a potion of resistance
 z - a potion of mutation
 B - 5 potions of haste
 H - 3 potions of magic
 I - 3 potions of invisibility
 K - 3 potions of brilliance
 P - 2 potions of flight
 Q - 2 potions of might
 W - a potion of berserk rage
Miscellaneous
 T - a condenser vane


   Skills:
 + Level 14.6 Fighting
 - Level 7.0 Short Blades
 - Level 6.0 Armour
 - Level 13.0 Dodging
 - Level 2.4 Stealth
 - Level 7.0 Spellcasting
 - Level 7.0 Hexes
 - Level 6.0 Summonings
 - Level 5.0 Translocations
 - Level 11.0 Ice Magic
 - Level 8.0 Invocations


You had 11 spell levels left.
You knew the following spells:

 Your Spells              Type           Power        Failure   Level
a - Freeze                Ice            100%         1%          1
b - Frozen Ramparts       Ice            100%         1%          3
c - Ozocubu's Armour      Ice            63%          1%          3
d - Summon Ice Beast      Ice/Summ       55%          1%          4
e - Corona                Hex            54%          1%          1
f - Confusing Touch       Hex            49%          1%          3
g - Blink                 Tloc           N/A          1%          2

Your spell library contained the following spells:

 Spells                   Type           Power        Failure   Level
 Apportation              Tloc           74%          1%          1
 Summon Small Mammal      Summ           100%         1%          1
 Gell's Gravitas          Tloc           18%          1%          3
 Lesser Beckoning         Tloc           18%          1%          3
 Teleport Other           Tloc           37%          1%          3
 Tukima's Dance           Hex            49%          1%          3
 Metabolic Englaciation   Hex/Ice        28%          3%          5
 Animate Skeleton         Necr           18%          5%          1
 Hailstorm                Conj/Ice       40%          5%          4
 Passage of Golubria      Tloc           N/A          7%          4
 Yara's Violent Unravell  Hex/Tmut       14%          34%         5
 Invisibility             Hex            49%          43%         6
 Petrify                  Tmut/Erth      9%           47%         4
 Alistair's Intoxication  Tmut/Pois      6%           83%         5
 Irradiate                Conj/Tmut      4%           83%         5
 Hydra Form               Tmut           4%           100%        6
 Statue Form              Tmut/Erth      6%           100%        6
 Dragon Form              Tmut           4%           100%        7


Dungeon Overview and Level Annotations

Branches:
Dungeon (15/15)            Temple (0/1) D:6            Lair (6/6) D:10
 Shoals (0/4) Lair:4       Spider (0/4) Lair:4        Slime (0/5) Lair:5
    Orc (0/2) D:11         Vaults (0/5) D:14         Bailey (visited)
 Depths: D:15

Altars:
Elyvilon
Hepliaklqana
Makhleb
Nemelex Xobeh
Okawaru
Ru
Sif Muna
Uskayaw
Xom
Yredelemnul
Zin
Jiyva

Shops:
D:11 [   D:14 ?

Annotations:
D:3 3 runed translucent doors, bnorton916's ghost, amateur DECj
D:14 Nessos
Lair:1 3 runed translucent doors, seveneves's ghost, novice HOBe


Innate Abilities, Weirdness & Mutations

You possess an exceptional clarity of mind.
Your mind is acute. (Int +2)
You are clumsy. (Dex -2)
Your natural rate of healing is unusually fast.
Your muscles are strong. (Str +2)


Message History

You are engulfed in calcifying dust.
You are slowing down.
The catoblepas gores you! The catoblepas gores you!
Your limbs are stiffening.
You hit the catoblepas but do no damage.
Lightning courses through the catoblepas!!
The catoblepas is almost dead.
The catoblepas gores you but does no damage.
The catoblepas gores you!
You have turned to stone.
The catoblepas gores you! The catoblepas gores you!! The catoblepas gores you!!
* * * LOW HITPOINT WARNING * * *
The catoblepas gores you!
* * * LOW HITPOINT WARNING * * *
The catoblepas gores you!!
* * * LOW HITPOINT WARNING * * *
The catoblepas gores you but does no damage.
The catoblepas gores you!
You die...

. ##### .#
###...#######.#<##
#.'...')...§.Y(..#
#.#...#.#.###...
#.#...#'#...#.#
#.#...(..@Y...####
#.###............#
#.###)...#########
#.†.)........
#.########..$. #..
/... ### ... .#


You could see a catoblepas.

Vanquished Creatures
  3 boulder beetles
  4 hydras
  5 centaur warriors
  6 death yaks (Lair:6)
  A catoblepas (D:14)
  5 two-headed ogres
  A tengu warrior (D:13)
  3 skeletal warriors (D:13)
  A fire crab (shapeshifter) (D:13)
  2 unseen horrors
  A sea snake (Lair:6)
  A glowing orange brain (D:14)
  Pikel (D:5)
  A manticore (Lair:6)
  A deep elf mage (D:14)
  7 ugly things
  A cyclops (D:14)
  Maurice (D:8)
  6 centaur zombies
  4 elephants (Lair:6)
  A merfolk siren (Lair:4)
  6 black mambas
  15 cane toads
  6 centaur skeletons
  2 gargoyles
  3 rime drakes
  2 kobold demonologists
  An efreet (D:13)
  10 komodo dragons
  A freezing wraith (D:14)
  4 red devils (D:13)
  A queen bee (D:14)
  4 trolls
  4 hornets
  6 meliai (D:14)
  7 polar bears (Lair:6)
  3 jumping spiders (Lair:4)
  A hornet (shapeshifter) (D:14)
  20 blink frogs
  2 shadows (D:11)
  2 redbacks (Lair:4)
  A wraith (D:11)
  A vampire (D:15)
  A centaur simulacrum (D:12)
  8 wyverns
  63 yaks
  Grum (D:10)
  5 steam dragons
  2 basilisks
  8 vampire mosquitoes (D:13)
  A soldier ant (D:12)
  An acid dragon (D:14)
  20 water moccasins
  4 ice beasts
  9 orc warriors
  3 sky beasts
  5 black bears
  An eye of draining (D:11)
  3 phantoms
  2 necrophages
  31 wolves
  10 ogres
  8 centaurs
  A lemure (D:5)
  7 big kobolds
  Blork the orc (D:6)
  13 bullfrogs
  2 gnoll sergeants
  A wyvern zombie (D:12)
  A wyvern skeleton (D:13)
  6 scorpions
  30 killer bees
  A troll zombie (D:11)
  32 wights
  5 howler monkeys
  An electric eel (Lair:2)
  A quasit (D:11)
  7 jellies
  4 hounds
  10 orc priests
  Crazy Yiuf (D:2)
  4 bullfrog skeletons
  Terence (D:3)
  4 hell rats (Lair:3)
  4 iguanas
  15 orc wizards
  10 worker ants
  6 ogre zombies (D:11)
  A hound zombie (D:8)
  A worker ant zombie (D:6)
  A howler monkey zombie (D:8)
  9 gnolls
  10 adders
  3 shadow imps
  2 worms (D:4)
  A dart slug (D:2)
  11 leopard geckos
  63 orcs
  3 ball pythons
  10 bats
  2 giant cockroaches
  15 goblins
  6 hobgoblins
  7 jackals
  40 kobolds
  6 quokkas
  A ball python skeleton (D:4)
  2 frilled lizards
  2 goblin skeletons (D:11)
  6 goblin zombies (D:11)
  4 hobgoblin zombies (D:11)
  2 leopard gecko skeletons
  10 orc zombies (D:11)
  A quokka skeleton (D:6)
  4 rats
735 creatures vanquished.

Vanquished Creatures (collateral kills)
  A dire elephant (Lair:6)
  Erolcha (D:11)
  An ogre mage (D:14)
  3 hydras
  A boulder beetle (Lair:4)
  A merfolk avatar (Lair:6)
  A lindwurm (Lair:6)
  A manticore (D:14)
  2 komodo dragons
  A rime drake (Lair:4)
  A polar bear (Lair:6)
  A wind drake (Lair:6)
  2 blink frogs (Lair:6)
  A yak (Lair:6)
  A water moccasin (Lair:6)
  2 orc warriors
  An ice beast (D:8)
  A killer bee (D:14)
  An orc wizard (D:14)
  An ogre zombie (D:11)
  2 orcs (D:12)
  A goblin skeleton (D:11)
  A goblin zombie (D:11)
  An orc zombie (D:11)
30 creatures vanquished.

Vanquished Creatures (others)
  An ugly thing (D:14)
  A jelly (D:13)
  An orc wizard (D:14)
  A quokka (D:14)
  A bush (Lair:4)
  69 fungi
  120 plants
  3 toadstools (D:10)
  A withered plant (D:3)
198 creatures vanquished.

Grand Total: 963 creatures vanquished

Notes
Turn   | Place    | Note
-------+----------+-------------------------------------------
     0 | D:1      | buriedalive the Deep Elf Ice Elementalist began the quest
                  | for the Orb.
     0 | D:1      | Reached XP level 1. HP: 10/10 MP: 6/6
   397 | D:1      | Reached XP level 2. HP: 15/15 MP: 1/8
  1000 | D:1      | Reached skill level 5 in Ice Magic
  1000 | D:1      | Reached XP level 3. HP: 19/19 MP: 7/9
  1290 | D:2      | Found a glowing silver altar of Zin.
  1920 | D:2      | Found a shimmering altar of Xom.
  2101 | D:2      | Learned a level 3 spell: Frozen Ramparts
  2105 | D:2      | Learned a level 3 spell: Ozocubu's Armour
  2261 | D:2      | Found a runed translucent door.
  2262 | D:2      | Noticed Crazy Yiuf
  2270 | D:2      | Killed Crazy Yiuf
  2271 | D:2      | Reached XP level 4. HP: 24/24 MP: 1/10
  2546 | D:3      | Found an iron altar of Okawaru.
  2611 | D:3      | Became a worshipper of Warmaster Okawaru
  2648 | D:3      | Noticed bnorton916's ghost (amateur DECj)
  2711 | D:3      | Found a runed translucent gate.
  2711 | D:3      | Found a runed translucent gate.
  2725 | D:3      | Found a runed translucent gate.
  2786 | D:3      | Found a basalt altar of Yredelemnul.
  2908 | D:3      | Noticed Terence
  2912 | D:3      | Killed Terence
  2913 | D:3      | Reached XP level 5. HP: 28/28 MP: 2/11
  3211 | D:3      | Reached skill level 5 in Dodging
  3715 | D:4      | Noticed an ogre
  3721 | D:4      | Killed an ogre
  3721 | D:4      | Reached * piety under Okawaru
  3722 | D:4      | Reached XP level 6. HP: 13/32 MP: 8/12
  3844 | D:4      | Found a burning altar of Makhleb.
  4161 | D:5      | Entered Level 5 of the Dungeon
  4407 | D:5      | Noticed an ice beast
  4416 | D:5      | Learned a level 4 spell: Summon Ice Beast
  4430 | D:5      | Killed an ice beast
  4431 | D:5      | Reached skill level 1 in Summonings
  4431 | D:5      | Reached XP level 7. HP: 21/36 MP: 9/13
  4676 | D:5      | Reached ** piety under Okawaru
  4975 | D:5      | Got a translucent ring mail
  4985 | D:5      | Noticed a two-headed ogre
  5128 | D:5      | Killed a two-headed ogre
  5128 | D:5      | Reached *** piety under Okawaru
  5129 | D:5      | Reached XP level 8. HP: 41/41 MP: 4/14
  5138 | D:5      | Reached skill level 5 in Summonings
  5253 | D:5      | Got a fabulously ornate robe
  5264 | D:5      | Identified the cursed +0 robe of the Endless Expanse {Will+
                  | Int+3 Stlth+} (You found it on level 5 of the Dungeon)
  5555 | D:5      | Noticed Pikel
  5566 | D:5      | Killed Pikel
  5566 | D:5      | Reached **** piety under Okawaru
  5567 | D:5      | Reached XP level 9. HP: 42/45 MP: 9/15
  5800 | D:6      | Found a staircase to the Ecumenical Temple.
  5837 | D:6      | Gained mutation: You have a pair of small horns on your
                  | head. [potion of mutation]
  5837 | D:6      | Gained mutation: You expend magic power (3 MP) to
                  | strengthen your wands. [potion of mutation]
  5837 | D:6      | Gained mutation: Your body sometimes deteriorates upon
                  | taking damage. [potion of mutation]
  5837 | D:6      | Gained mutation: Your spells are a little harder to cast,
                  | but a little more powerful. [potion of mutation]
  6078 | D:6      | Noticed Blork the orc
  6113 | D:6      | Killed Blork the orc
  6114 | D:6      | Reached skill level 10 in Dodging
  6234 | D:6      | Found a hide-covered altar of Uskayaw.
  6247 | D:6      | Reached skill level 10 in Ice Magic
  6769 | D:7      | Found a shimmering blue altar of Sif Muna.
  6865 | D:7      | Reached skill level 1 in Fighting
  6902 | D:7      | Reached ***** piety under Okawaru
  6943 | D:7      | Found a sparkling altar of Nemelex Xobeh.
  7128 | D:7      | Reached skill level 2 in Fighting
  7128 | D:7      | Reached XP level 10. HP: 53/53 MP: 12/16
  7251 | D:7      | Found a sacrificial altar of Ru.
  7478 | D:7      | Reached skill level 3 in Fighting
  7485 | D:7      | Learned a level 1 spell: Corona
  7711 | D:7      | Reached skill level 1 in Hexes
  7762 | D:7      | Found a hazy altar of Hepliaklqana.
  8249 | D:8      | Found a flagged portal.
  8269 | D:8      | Received a gift from Okawaru
  8341 | Bailey   | Entered a bailey
  8577 | D:8      | Noticed Maurice
  8591 | D:8      | Killed Maurice
  9000 | D:8      | Found a sparkling altar of Nemelex Xobeh.
  9000 | D:8      | Found a transporter.
  9097 | D:8      | Reached skill level 4 in Fighting
 10094 | D:10     | Entered Level 10 of the Dungeon
 10116 | D:10     | Noticed a two-headed ogre
 10128 | D:10     | Killed a two-headed ogre
 10129 | D:10     | Reached skill level 5 in Hexes
 10170 | D:10     | Learned a level 3 spell: Confusing Touch
 10616 | D:10     | Noticed a gargoyle
 10624 | D:10     | Killed a gargoyle
 10699 | D:10     | Noticed Grum
 10705 | D:10     | Reached XP level 11. HP: 57/62 MP: 10/17
 10706 | D:10     | Reached skill level 5 in Fighting
 10711 | D:10     | Killed Grum
 10891 | D:10     | Noticed a white ugly thing
 10900 | D:10     | Killed a white ugly thing
 11429 | D:10     | Found a staircase to the Lair.
 11706 | D:10     | Reached skill level 1 in Invocations
 11797 | D:10     | Lost mutation: Your spells are a little harder to cast, but
                  | a little more powerful. [potion of mutation]
 11797 | D:10     | Lost mutation: You have a pair of small horns on your head.
                  | [potion of mutation]
 11797 | D:10     | Gained mutation: You are dopey. (Int -2) [potion of
                  | mutation]
 11797 | D:10     | Gained mutation: You are clumsy. (Dex -2) [potion of
                  | mutation]
 11797 | D:10     | Lost mutation: You expend magic power (3 MP) to strengthen
                  | your wands. [potion of mutation]
 11797 | D:10     | Gained mutation: Your muscles are strong. (Str +2) [potion
                  | of mutation]
 12305 | D:11     | Reached ****** piety under Okawaru
 12409 | D:11     | Noticed a sun demon
 12410 | D:11     | Reached skill level 6 in Fighting
 12886 | Lair:1   | Entered Level 1 of the Lair of Beasts
 12942 | Lair:1   | Found a runed translucent gate.
 12942 | Lair:1   | Found a runed translucent gate.
 12942 | Lair:1   | Found a runed translucent gate.
 12954 | Lair:1   | Noticed seveneves's ghost (novice HOBe)
 13557 | Lair:1   | Received a gift from Okawaru
 13569 | Lair:1   | Reached skill level 5 in Invocations
 13881 | Lair:1   | Reached skill level 7 in Fighting
 14050 | Lair:1   | Noticed a seven-headed hydra
 14060 | Lair:1   | Killed a seven-headed hydra
 14612 | Lair:2   | Noticed a four-headed hydra
 14665 | Lair:2   | Killed a four-headed hydra
 15103 | Lair:2   | Reached XP level 12. HP: 49/72 MP: 11/19
 15608 | Lair:2   | Reached skill level 8 in Fighting
 16083 | Lair:2   | Lost mutation: Your muscles are strong. (Str +2) [potion of
                  | mutation]
 16083 | Lair:2   | Lost mutation: Your body sometimes deteriorates upon taking
                  | damage. [potion of mutation]
 16083 | Lair:2   | Lost mutation: You are dopey. (Int -2) [potion of mutation]
 16083 | Lair:2   | Gained mutation: You are partially covered in iridescent
                  | scales. (AC +2) [potion of mutation]
 16083 | Lair:2   | Gained mutation: Your muscles are strong. (Str +2) [potion
                  | of mutation]
 16084 | Lair:2   | Lost mutation: You are partially covered in iridescent
                  | scales. (AC +2) [potion of mutation]
 16084 | Lair:2   | Gained mutation: You possess an exceptional clarity of
                  | mind. [potion of mutation]
 16084 | Lair:2   | Gained mutation: Your natural rate of healing is unusually
                  | fast. [potion of mutation]
 16084 | Lair:2   | Gained mutation: Your mind is acute. (Int +2) [potion of
                  | mutation]
 16937 | Lair:3   | Identified the +1 ring mail of Pride {+Fly} (You found it
                  | on level 5 of the Dungeon)
 16955 | Lair:3   | Identified a scroll of acquirement
 16958 | Lair:3   | Acquired an uncursed staff of cold
 17094 | Lair:3   | Reached skill level 1 in Short Blades
 18014 | Lair:4   | Reached skill level 9 in Fighting
 18497 | Lair:4   | Found a staircase to the Shoals.
 18592 | Lair:4   | Reached skill level 5 in Short Blades
 18737 | Lair:4   | Noticed a boulder beetle
 18750 | Lair:4   | Killed a boulder beetle
 18750 | Lair:4   | Received a gift from Okawaru
 18977 | Lair:4   | Reached XP level 13. HP: 39/82 MP: 15/21
 18982 | Lair:4   | Reached skill level 10 in Fighting
 19024 | Lair:4   | Found a hole to the Spider Nest.
 19474 | Lair:5   | Found a staircase to the Slime Pits.
 19475 | Lair:5   | Found a viscous altar of Jiyva.
 20849 | Lair:6   | Entered Level 6 of the Lair of Beasts
 20855 | Lair:5   | Learned a level 2 spell: Blink
 20978 | Lair:6   | Received a gift from Okawaru
 21041 | Lair:6   | Paralysed by a hornet for 2 turns
 21076 | Lair:6   | Reached skill level 5 in Spellcasting
 21539 | Lair:6   | Reached skill level 11 in Fighting
 21977 | Lair:6   | Received a gift from Okawaru
 21978 | Lair:6   | Reached skill level 12 in Fighting
 22463 | Lair:6   | Reached XP level 14. HP: 87/92 MP: 21/26
 22468 | Lair:6   | Reached skill level 1 in Translocations
 23080 | Lair:6   | Received a gift from Okawaru
 24245 | D:11     | Found a staircase to the Orcish Mines.
 24450 | D:11     | Reached skill level 5 in Translocations
 24660 | D:11     | Found Poit's Antique Armour Shop.
 24674 | D:11     | Noticed Erolcha
 24713 | D:11     | Killed Erolcha
 24714 | D:11     | Reached skill level 13 in Fighting
 25685 | D:12     | Reached skill level 1 in Armour
 28294 | D:14     | Received a gift from Okawaru
 28577 | D:14     | Found Taock's Magic Scroll Shop.
 28744 | D:14     | Reached skill level 14 in Fighting
 28744 | D:14     | Reached XP level 15. HP: 99/100 MP: 27/27
 28747 | D:14     | Reached skill level 5 in Armour
 29054 | D:14     | Found a gate to the Vaults.
 29505 | D:14     | Found a white marble altar of Elyvilon.
 29814 | D:14     | Noticed Nessos
 29840 | D:15     | Entered Level 15 of the Dungeon
 30078 | D:15     | HP: 4/101 [catoblepas (15)]
 30080 | D:15     | Slain by a catoblepas

Illustrated notes

Levels and vault maps discovered:
D:1:      lightli_arrival_flooded_house, layout_basic
D:2:      layout_basic, marbit_many_paths, lemuel_round_altar,
          uniq_crazy_yiuf_cottage
D:3:      layout_loops_cross, yredelemnul_altar_generic, gammafunk_ghost_split,
          kennysheep_okawaru_gauntlet, uniq_terence
D:4:      layout_basic, kennysheep_mini_moat
D:5:      minmay_clustersquares, layout_basic, serial_corexii_hall,
          chequers_hall_statues_corner_a, corexii_hall_statues_l, uniq_pikel
D:6:      cheibrodos_steamvent, layout_rooms, eat_drink_and_be_merry_uskayaw,
          minmay_temple_entry_slanted, uniq_blork_the_orc
D:7:      kennysheep_kobold_camp, layout_basic, nicolae_overflow_crystal_walls,
          nzn_hepliaklqana_mist_gate, kennysheep_little_box, led_sif_pool
D:8:      layout_cave_pools, enter_bailey_5, grunt_nemelex_the_gamble,
          uniq_maurice
D:9:      layout_roguey
D:10:     layout_gridville, erik_lair_dragon, minmay_gold_behind_fungi,
          uniq_grum
D:11:     layout_loops_corners, zombieorc2_lemuel, serial_shops, shop,
          minmay_crystal_room, uniq_erolcha
D:12:     layout_layer_cave, minmay_misc_feat_plants, hangedman_weighted_door
D:13:     layout_roguey, einodemon_armed_red_devil_minivault
D:14:     layout_roguey [special_room_bee], david_vaults_2, elyvilon_altar_4,
          serial_shops, shop, grunt_potential, uniq_nessos
D:15:     gammafunk_depths_entry_grave, layout_basic, hangedman_decor_opposing,
          nicolae_tso_carved_into_rock
Lair:1:   cheibrodos_lair_river_kwai, layout_small_grid, gammafunk_ghost_split
Lair:2:   layout_chaotic_city, serial_bayou_shore_a
Lair:3:   layout_regular_city, beast_lair_carwin_8, lemuel_fruit_tree
Lair:4:   layout_gridlike, minmay_shoals_entry_lonely_mermaid,
          spider_nest_entry_funnel_web, serial_forest,
          infiniplex_forest_clump_curved, infiniplex_forest_lined_2,
          infiniplex_forest_clump_C, infiniplex_forest_end_2,
          infiniplex_forest_end_3, infiniplex_forest_lined_corner,
          infiniplex_forest_clump_double, serial_bayou_lagoon_a,
          beast_lair_carwin_10
Lair:5:   layout_cave_pods, slime_altar_1, serial_bayou_shore_b,
          grunt_megastairs_5
Lair:6:   gammafunk_lair_ancient_temple, layout_gridlike,
          infiniplex_staircase_pool_2

Skill      XL: |  1  2  3  4  5  6  7  8  9 10 11 12 13 14 15 |
---------------+----------------------------------------------+-----
Dodging        | 3 4 5 6 8 9 11 12 13 | 13.0
Ice Magic      | 5 6 7 8 9 10 11 | 11.0
Summonings     | 1 4 5 6 |  6.0
Fighting       | 2 4 7 9 12 14 | 14.6
Hexes          | 5 7 |  7.0
Invocations    | 6 8 |  8.0
Short Blades   | 6 7 |  7.0
Spellcasting   | 7 |  7.0
Translocations | 5 |  5.0
Armour         | 4 6 |  6.0
Stealth        | |  2.4

Action                   |  1- 3 |  4- 6 |  7- 9 | 10-12 | 13-15 || total
-------------------------+-------+-------+-------+-------+-------++-------
Melee: Unarmed           |     5 |       |       |       |       ||     5
       Dagger            |     7 |       |       |       |       ||     7
       Whip              |    28 |    63 |   141 |   485 |   696 ||  1413
       Headbutt          |       |       |    13 |    23 |       ||    36
       Staff             |       |       |       |   107 |   313 ||   420
       Punch             |       |       |       |       |     2 ||     2
Throw: Dart              |       |       |       |     5 |     2 ||     7
 Cast: Freeze            |    41 |     8 |     8 |    34 |   124 ||   215
       Frozen Ramparts   |     1 |    16 |    33 |   108 |   165 ||   323
       Ozocubu's Armour  |     1 |     4 |    12 |    62 |    92 ||   171
       Summon Ice Beast  |       |       |     1 |    12 |    45 ||    58
       Blink             |       |       |       |       |     2 ||     2
Invok: Heroism           |       |       |       |       |     5 ||     5
       Finesse           |       |       |       |       |     1 ||     1
 Abil: Stop Flying       |       |       |       |       |     1 ||     1
Evoke: Wand              |       |     2 |       |       |     1 ||     3
  Use: Scroll            |     4 |       |    10 |    20 |    12 ||    46
       Potion            |       |       |     1 |     5 |     9 ||    15
 Stab: Sleeping          |     5 |     6 |     2 |     6 |     2 ||    21
       Distracted        |       |       |     2 |       |     2 ||     4
       Petrified         |       |       |       |       |    14 ||    14
Armor: Robe              |    21 |    12 |    36 |   170 |   563 ||   802
Dodge: Dodged            |    56 |    56 |   146 |   882 |  1563 ||  2703
